Map: Terrasses de Prion

Players

TanDaoWien - Winner!

  • Race: Zerg Zerg
  • League: Silver
  • Spawn Location: 5:00

zidar

  • Race: Zerg Zerg
  • Spawn Location: 11:00

VOD

Have the link to the VOD?

Description

Time

  • Played on: Feb. 2, 2016, 2:04 p.m.
  • Length: 10:27
Show
View Real Time Build Order
Export as new Build Order

TanDaoWien Zerg - Winner!

Build Orders: 1 Base Baneling Bust, Pool First 

Get SALT Encoding   

  12  0:04  Drone  
  13  0:09  Extractor  
  13  0:11  Drone  
  13  0:30  Spawning Pool  
  12  0:36  Drone  
  13  0:43  Drone  
  13  0:49  Overlord  
  14  0:59  Overlord  
  14  1:17  Queen  
  16  1:19  Zergling x2  
  16  1:23  Zergling x2  
  18  1:33  Drone x2  
  20  1:43  Metabolic Boost  
  20  1:55  Baneling Nest  
  20  1:58  Zergling x2  
  19  2:32  Zergling x10  
  19  2:33  Zergling x2  
  25  2:43  Baneling x3  
  24  3:18  Overlord x2  
  24  3:33  Hatchery  
  23  3:37  Zergling x6  
  24  4:10  Baneling  
  24  4:11  Baneling x2  
  21  4:44  Drone  
  21  4:45  Drone x3  
  24  5:06  Baneling x3  
  21  5:37  Queen  
  23  5:52  Drone  
  23  5:53  Spine Crawler, Drone x2  
  23  5:55  Evolution Chamber  
  23  5:56  Spine Crawler  
  23  6:01  Lair  
  23  6:05  Drone x2  
  23  6:06  Drone x4  
  29  6:13  Queen  
  31  6:20  Extractor, Drone x3  
  33  6:30  Zerg Melee Weapons Level 1  
  30  6:48  Zergling x2  
  30  6:49  Zergling x12  
  30  6:50  Zergling x2  
  28  7:28  Drone  
  28  7:29  Drone x8  
  37  7:44  Spire  
  36  7:53  Drone x3  
  36  7:54  Drone  
  36  7:57  Extractor  
  39  7:59  Extractor  
  38  8:09  Overlord x2  
  38  8:17  Zergling x8  
  42  8:23  Spine Crawler  
  41  8:42  Spine Crawler x2  
  39  8:52  Queen  
  41  8:59  Mutalisk  
  41  9:00  Mutalisk x3  
  41  9:02  Mutalisk  
  51  9:06  Mutalisk  
  53  9:11  Mutalisk  
  55  9:41  Zergling x6  
  55  9:42  Zergling x2  
  58  9:49  Zergling x2  
  58  9:50  Zergling x6  
  54  10:07  Zergling x2  
Show
View Real Time Build Order
Export as new Build Order

zidar Zerg 

Build Orders: Pool First 

Get SALT Encoding   

  12  0:03  Drone  
  13  0:12  Overlord  
  13  0:17  Drone  
  14  0:31  Drone x2  
  16  0:42  Spawning Pool  
  15  0:45  Drone  
  15  0:49  Drone  
  17  1:12  Hatchery  
  16  1:19  Drone  
  17  1:32  Spine Crawler  
  16  1:33  Drone  
  16  1:37  Zergling x2  
  16  1:38  Zergling x2  
  19  1:44  Queen  
  21  1:55  Drone  
  22  2:13  Extractor  
  22  2:14  Overlord  
  21  2:30  Queen  
  21  2:33  Zergling x4  
  21  2:34  Zergling x4  
  27  2:50  Drone  
  27  2:51  Drone x2  
  22  3:18  Drone x6  
  28  3:33  Roach Warren  
  27  3:47  Zergling x2  
  27  3:48  Zergling x12  
  23  4:05  Zergling x6  
  26  4:20  Roach x3  
  29  4:34  Roach  
  29  4:35  Roach  
  27  4:53  Roach Warren  
  27  5:00  Zergling x2  
  27  5:20  Drone x3  
  30  5:23  Drone  
  30  5:41  Drone x2  
  32  5:55  Queen  
  34  6:10  Drone x2  
  36  6:14  Overlord  
  36  6:15  Overlord  
  36  6:33  Drone x5  
  34  7:13  Roach x8  
  44  7:26  Roach x2  
  46  7:33  Spine Crawler  
  45  7:52  Roach  
  45  7:53  Roach  
  49  8:13  Extractor  
  48  8:21  Roach  
  48  8:22  Roach  
  52  8:29  Hatchery  
  51  8:38  Overlord  
  51  8:39  Overlord  
  51  8:52  Lair  
  51  9:14  Zergling x6  
  51  9:15  Zergling x26  
Tags
 
Add a new tag
Caveats
  • Supply blocks, unpowered buildings, or Contaminate may cause inaccurate times.
  • Supply counts are checked every 10 seconds.